 Dungeon Crawl Stone Soup version 0.30.1-9-gdf580d7c3d (webtiles) character file.

Game seed: 3974415837154263581

84 lonewolfV2 the Shield-Bearer (level 4, -3/45 HPs)
             Began as a Troll Fighter on Oct 22, 2023.
             Slain by a worm (4 damage)
             ... on level 2 of the Dungeon.
             The game lasted 00:02:36 (974 turns).

lonewolfV2 the Shield-Bearer (Troll Fighter)         Turns: 974, Time: 00:02:36

Health: -3/45      AC:  4    Str: 26    XL:     4   Next: 24%
Magic:  3/3        EV:  9    Int:  4    God:
Gold:   128        SH:  9    Dex:  9    Spells: 3/3 levels left

rFire   . .          .
                       - Unarmed
rCold   . . .        b - +1 kite shield
rNeg    . . .        a - +0 robe
rPois   .            (helmet restricted)
rElec   .            (no cloak)
rCorr   .            (gloves unavailable)
SInv    .            (boots unavailable)
Will    .....        (no amulet)
Stlth   +            (no ring)
HPRegen 1.07/turn    (no ring)
MPRegen 0.08/turn

%: no passive effects
@: lethally poisoned (-3 -> -3)
A: large, unfitting armour, claws 3, regeneration 1, shaggy fur 1, tough skin 1
a: no special abilities


You were on level 2 of the Dungeon.
You visited 1 branch of the dungeon, and saw 2 of its levels.

You collected 128 gold pieces.

Inventory:

Armour
 a - a +0 robe (worn)
 b - a +1 kite shield (worn)
Scrolls
 c - a scroll of vulnerability {unknown}
 f - 3 scrolls of poison


   Skills:
 + Level 3.1 Fighting
 - Level 2.5 Dodging
 + Level 3.4 Shields
 + Level 3.0 Unarmed Combat


You had 3 spell levels left.
You didn't know any spells.
Your spell library was empty.

Dungeon Overview and Level Annotations

Branches:
Dungeon (2/15)

Altars:


Innate Abilities, Weirdness & Mutations

You are too large for most types of armour.
You have claws for hands.
Your natural rate of healing is unusually fast.
You are covered in fur. (AC +1)
You have tough skin. (AC +1)


Message History

Unknown command.
You scratch Terence but do no damage.
Terence is lightly wounded.
You feel very sick. You block the adder's attack.
Terence hits you with a +0 mace. The adder barely misses you.
You claw Terence!
Terence is severely wounded.
You feel sick. Terence hits you with a +0 mace. The adder bites you.
* * * LOW HITPOINT WARNING * * *
You claw Terence!
You kill Terence!
You feel sick. The adder closely misses you.
Your Fighting skill increases to level 3!
Your Unarmed Combat skill increases to level 3!
You have reached level 4!
You scratch the adder.
The adder is lightly wounded.
You feel sick. The adder closely misses you. The adder barely misses you.
You closely miss the adder.
The adder is lightly wounded.
You feel sick. The adder bites you.
* * * LOW HITPOINT WARNING * * *
You are more poisoned.
The adder poisons you! The worm bites you.
* * * LOW HITPOINT WARNING * * *
You miss the adder.
The adder is lightly wounded.
* * * LOW HITPOINT WARNING * * *
You feel sick. You block the adder's attack.
You aren't carrying any potions.
You claw the worm!
The worm is heavily wounded.
You feel sick. The adder barely misses you. You block the worm's attack.
The adder bites you but does no damage.
You miss the adder.
The adder is lightly wounded.
* * * LOW HITPOINT WARNING * * *
You feel sick. The adder bites you but does no damage. The worm bites you.
You die...

##### ####### #...#
#.....# #...# #...>.#
#...# #.....#
###...### #)....#
#.......# #@....#
##.......#######Sw...#
.+.......'...†.......+
##.......#######.....#
.).......# ##......#
.........# ....#.#
.........# ....# .
..######## ....# ..#
.##.#


You could see a worm and an adder.

Vanquished Creatures
  Terence (D:2)
  2 adders (D:2)
  A worm (D:2)
  A dart slug (D:1)
  4 bats (D:1)
  2 endoplasms
  A giant cockroach (D:1)
  3 goblins
  3 hobgoblins
  4 jackals (D:1)
  2 quokkas
  3 ball pythons (D:1)
  3 frilled lizards
  A kobold (D:1)
  4 rats (D:1)
35 creatures vanquished.

Notes
Turn   | Place    | Note
-------+----------+-------------------------------------------
     0 | D:1      | lonewolfV2 the Troll Fighter began the quest for the Orb.
     0 | D:1      | Reached XP level 1. HP: 22/22 MP: 0/0
   348 | D:1      | Reached XP level 2. HP: 29/29 MP: 1/1
   661 | D:1      | Reached XP level 3. HP: 36/36 MP: 2/2
   955 | D:2      | Noticed Terence
   969 | D:2      | Killed Terence
   970 | D:2      | Reached XP level 4. HP: 12/45 MP: 3/3
   972 | D:2      | HP: 2/45 [poisoned by an adder]
   974 | D:2      | Slain by a worm

Illustrated notes

Levels and vault maps discovered:
D:1:      lemuel_arrival_funnel, layout_loops_ring, roderic_three_in_a_row
D:2:      layout_basic, dreamdust_ecumenical_altar_sealed_demon,
          uniq_crazy_yiuf_cottage, uniq_terence

Skill      XL: |  1  2  3 |
---------------+----------+-----
Shields        | 3 |  3.4
Fighting       | 3 |  3.1
Unarmed Combat | 3 |  3.0
Dodging        | |  2.5

Action                     |  1- 3 |  4- 6 || total
---------------------------+-------+-------++-------
  Melee: Unarmed           |   126 |     5 ||   131
    Use: Potion            |     2 |       ||     2
         Scroll            |     3 |       ||     3
 Armour: Robe              |    54 |     2 ||    56
  Dodge: Dodged            |    61 |     3 ||    64
  Block: Kite shield       |    72 |     2 ||    74
